 Dungeon Crawl Stone Soup version 0.19.5 (webtiles) character file.

73 Zhenya24pyc the Cudgeler (level 4, -5/28 HPs)
             Began as a Gargoyle Fighter on May 4, 2017.
             Slain by an orc warrior
             ... wielding a +0 war axe
              (9 damage)
             ... on level 3 of the Dungeon.
             The game lasted 00:01:51 (1868 turns).

Zhenya24pyc the Cudgeler (Gargoyle Fighter)         Turns: 1868, Time: 00:01:52

Health: -5/28      AC: 11    Str: 21    XL:     4   Next: 27%
Magic:  4/4        EV:  7    Int:  8    God:
Gold:   89         SH:  9    Dex:  9    Spells: 0 memorised, 3 levels left

rFire  . . .     SeeInvis .     a - +0 flail
rCold  . . .     Gourm    .     b - +0 scale mail
rNeg   + . .     Faith    .     c - +0 shield
rPois  ∞         Spirit   .     (no helmet)
rElec  +         Reflect  .     (no cloak)
rCorr  .         Harm     .     (no gloves)
MR     .....                    v - +0 pair of boots
Stlth  ..........               (no amulet)
                                (no ring)
                                (no ring)

@: no status effects
A: negative energy resistance 1, electricity resistance, unbreathing,
petrification resistance, rot immunity, AC +3
a: no special abilities


You were on level 3 of the Dungeon.
You were not hungry.

You visited 1 branch of the dungeon, and saw 3 of its levels.

You collected 89 gold pieces.

Inventory:

Hand Weapons
 a - a +0 flail (weapon)
Armour
 b - a +0 scale mail (worn)
 c - a +0 shield (worn)
 v - a +0 pair of boots (worn)
Scrolls
 e - 2 scrolls of teleportation {unknown}
 g - a scroll of enchant armour {unknown}
 h - a scroll of amnesia {unknown}
 k - a scroll of blinking {unknown}
 l - a scroll of immolation {unknown}
 m - a scroll of noise {unknown}
 n - a scroll of magic mapping {unknown}
 o - 2 scrolls of fear {unknown}
 s - a scroll of identify {unknown}
 u - a scroll of remove curse {unknown}
Potions
 d - 2 potions of might
 i - a potion of heal wounds {unknown}
 p - 2 potions of curing {unknown}
 r - a potion of cure mutation {unknown}
Comestibles
 f - 4 bread rations
 j - a slice of pizza
 t - a beef jerky


   Skills:
 - Level 3.2 Fighting
 * Level 4.4 Maces & Flails
 - Level 3.2 Armour
 - Level 3.2 Shields


You had 3 spell levels left.
You didn't know any spells.

Dungeon Overview and Level Annotations

Branches:
Dungeon (3/15)

Altars:
Makhleb


Innate Abilities, Weirdness & Mutations

You are resistant to torment.
Your stone body is resilient. (AC +3)
You are immune to poison.
You resist negative energy. (rN+)
You are resistant to electric shocks. (rElec)
You can survive without breathing.
You are immune to petrification.
You are immune to rotting.


Message History

You barely miss the orc warrior.
The orc warrior is moderately wounded.
The orc warrior hits you with a war axe!
* * * LOW HITPOINT WARNING * * *
The orc hits you but does no damage.
You are too injured to fight recklessly!
You are too injured to fight recklessly!
You are too injured to fight recklessly!
You are too injured to fight recklessly!
You are too injured to fight recklessly!
You are too injured to fight recklessly!
You are too injured to fight recklessly!
There are monsters nearby!
You are too injured to fight recklessly!
The orc closely misses you. The bat completely misses you.
You hit the orc warrior but do no damage.
The orc warrior is moderately wounded.
The orc warrior hits you with a war axe!
You die...

#####. ...
......####.####.
.........o.......#
....#..#o##.##..#
# ###...#....#
#oS...# #ob.###
##o## #@#
#.#########
#.........
##.##.##.##
#.........#
#..##.....# #
#..##.##..#<#
#..##.##..#.#
#...........#


You could see an orc warrior, an adder, 4 orcs and a bat.

Vanquished Creatures
  3 adders
  3 worms (D:2)
  A leopard gecko (D:2)
  3 goblins
  3 hobgoblins (D:1)
  4 jackals (D:1)
  2 quokkas (D:2)
  5 bats
  A frilled lizard (D:2)
  5 kobolds
  6 rats
36 creatures vanquished.

Notes
Turn   | Place    | Note
-------+----------+-------------------------------------------
     0 | D:1      | Zhenya24pyc the Gargoyle Fighter began the quest for the Orb.
     0 | D:1      | Reached XP level 1. HP: 14/14 MP: 1/1
   214 | D:1      | Reached XP level 2. HP: 19/19 MP: 2/2
   652 | D:1      | Reached skill level 3 in Maces & Flails
  1039 | D:2      | Reached XP level 3. HP: 23/23 MP: 3/3
  1492 | D:2      | Reached skill level 4 in Maces & Flails
  1592 | D:2      | Reached XP level 4. HP: 28/28 MP: 4/4
  1843 | D:3      | Found a burning altar of Makhleb.
  1847 | D:3      | Noticed an orc warrior
  1868 | D:3      | Slain by an orc warrior

Skill      XL: |  1  2  3 |
---------------+----------+-----
Maces & Flails | 3 4 |  4.4
Fighting       | |  3.2
Armour         | |  3.2
Shields        | |  3.2

Action                   |  1- 3 |  4- 6 || total
-------------------------+-------+-------++-------
Melee: Flail             |   110 |    34 ||   144
  Eat: Chunk             |     2 |     1 ||     3
Armor: Scale mail        |    50 |    20 ||    70
Dodge: Dodged            |    34 |    14 ||    48
Block: Shield            |    50 |    21 ||    71
